Map: New Repugnancy LE

Players

TiPtOP - Winner!

  • Race: Terran Terran
  • League: Silver
  • Spawn Location: 1:00

Jim

  • Race: Zerg Zerg
  • League: Gold
  • Spawn Location: 7:00

VOD

Have the link to the VOD?

Description

Time

  • Played on: Aug. 19, 2019, 9:07 a.m.
  • Length: 15:59
Show
View Real Time Build Order
Export as new Build Order

TiPtOP Terran - Winner!

Build Orders: Mech 

Get SALT Encoding   

  12  0:00  SCV  
  13  0:13  SCV  
  14  0:19  Supply Depot  
  14  0:25  SCV  
  15  0:41  SCV  
  16  0:43  Barracks  
  16  0:52  Refinery  
  16  0:53  SCV  
  17  1:05  SCV  
  18  1:17  SCV  
  19  1:23  Supply Depot  
  19  1:33  Marine  
  19  1:37  Orbital Command  
  20  1:50  Command Center  
  20  2:01  Bunker  
  20  2:12  Marine  
  18  2:35  Supply Depot  
  18  2:36  Barracks Tech Lab  
  18  2:57  Factory, SCV  
  19  2:59  Refinery  
  19  3:04  Supply Depot  
  19  3:09  SCV x2  
  21  3:21  SCV  
  21  3:22  Marine  
  23  3:32  SCV  
  23  3:33  SCV  
  25  3:35  Supply Depot  
  25  3:40  Supply Depot  
  26  3:44  SCV  
  26  3:45  SCV  
  27  3:56  Factory, SCV  
  27  3:57  SCV  
  27  3:58  Siege Tank  
  32  4:13  SCV  
  33  4:25  SCV  
  33  4:28  Marine  
  26  4:40  Siege Tank  
  26  4:42  Factory Reactor  
  29  4:52  Orbital Command  
  29  5:05  Command Center  
  29  5:07  Engineering Bay  
  29  5:08  SCV  
  30  5:20  SCV  
  31  5:28  SCV  
  32  5:40  SCV  
  33  5:46  Siege Tank  
  33  5:47  Hellion x2  
  33  5:49  SCV  
  41  5:52  SCV  
  42  6:01  SCV  
  43  6:04  SCV  
  43  6:05  Missile Turret  
  44  6:13  SCV  
  44  6:16  SCV  
  46  6:18  Siege Tank  
  46  6:21  Orbital Command  
  46  6:25  SCV  
  50  6:29  Factory  
  50  6:34  SCV  
  50  6:37  SCV  
  52  6:46  SCV  
  53  6:48  Refinery  
  53  6:49  SCV  
  53  6:51  Refinery  
  54  6:59  SCV  
  55  7:06  Supply Depot  
  55  7:07  Supply Depot  
  55  7:10  Orbital Command  
  55  7:34  Supply Depot  
  55  7:39  Factory Tech Lab  
  55  7:42  Siege Tank  
  55  7:44  Hellion x2  
  62  7:50  SCV  
  63  7:53  Armory  
  63  8:02  SCV  
  64  8:14  SCV  
  64  8:19  Command Center  
  65  8:26  SCV  
  65  8:37  SCV x2  
  65  8:38  SCV  
  68  8:49  SCV  
  68  8:50  SCV  
  68  8:51  SCV  
  71  9:01  SCV  
  71  9:02  SCV  
  73  9:03  SCV  
  73  9:08  Thor x2  
  90  9:10  Hellion x2  
  90  9:14  SCV x2  
  90  9:15  SCV  
  93  9:21  Terran Vehicle Weapons Level 1  
  93  9:22  Armory  
  93  9:26  SCV  
  96  9:31  Hellion  
  96  9:41  Refinery, Hellion, SCV  
  96  9:42  SCV x2  
  99  9:48  Hellion  
  99  9:51  Thor x2  
  115  9:52  Hellion  
  115  9:53  SCV  
  115  9:54  SCV  
  115  9:55  Refinery  
  117  10:05  SCV  
  118  10:09  Hellion  
  81  10:34  Thor  
  87  10:51  Factory Tech Lab  
  87  10:52  Thor  
  93  11:01  Orbital Command  
  93  11:17  Thor  
  99  11:24  SCV  
  100  11:35  Thor  
  100  11:36  SCV  
  100  11:39  Hellion  
  107  11:48  SCV  
  107  11:54  Terran Vehicle And Ship Armor Level 1  
  108  12:00  Hellion, Hellbat  
  110  12:04  Missile Turret  
  110  12:19  Hellbat  
  110  12:21  Hellion  
  110  12:22  Hellbat  
  116  12:24  Missile Turret  
  116  12:28  SCV  
  116  12:29  SCV x2  
  119  12:35  Orbital Command  
  119  12:37  Refinery  
  119  12:38  Refinery  
  119  12:40  SCV  
  120  12:45  Missile Turret  
  120  12:53  Supply Depot  
  120  12:55  Supply Depot  
  120  12:57  Supply Depot  
  120  12:58  Supply Depot  
  120  13:15  Thor x2  
  120  13:16  Thor  
  138  13:58  Hellion x2  
  138  14:00  Hellion  
  144  14:09  Supply Depot  
  144  14:10  Supply Depot x2  
  144  14:12  Supply Depot  
  144  14:14  Supply Depot  
  144  14:15  Missile Turret  
  144  14:18  Missile Turret  
  144  14:19  Thor x2  
  156  14:25  Thor  
  154  15:02  Thor, Hellbat  
  162  15:08  Thor, Orbital Command  
  168  15:21  Missile Turret  
  168  15:22  Sensor Tower  
  168  15:23  Refinery  
  168  15:24  Refinery, Hellbat  
Show
View Real Time Build Order
Export as new Build Order

Jim Zerg 

Build Orders: 1 Base Baneling Bust, Pool First, Zergling Baneling 

Get SALT Encoding   

  12  0:03  Drone  
  13  0:24  Spawning Pool  
  13  0:26  Drone  
  13  0:31  Drone  
  14  0:40  Extractor  
  14  0:42  Drone  
  14  0:47  Overlord  
  14  1:13  Zergling x6  
  14  1:16  Queen  
  19  1:26  Drone  
  20  1:36  Drone  
  21  1:48  Overlord  
  21  1:59  Metabolic Boost  
  18  2:32  Baneling Nest  
  17  2:37  Zergling x10  
  17  2:38  Zergling x2  
  23  3:03  Zergling x2  
  23  3:04  Zergling x6  
  23  3:05  Hatchery  
  26  3:32  Zergling x4  
  28  3:37  Queen  
  30  3:49  Baneling x7  
  30  3:50  Baneling x4  
  23  5:00  Drone x4  
  23  5:01  Drone x2  
  29  5:10  Drone x3  
  32  5:17  Lair  
  32  5:38  Pneumatized Carapace  
  32  5:44  Extractor  
  32  5:46  Drone x3  
  32  5:47  Drone x2  
  36  6:02  Overlord x5  
  36  6:37  Zergling x2  
  36  6:38  Zergling x8  
  41  6:46  Zergling x2  
  41  6:47  Zergling x6  
  44  6:53  Centrifical Hooks  
  45  7:01  Overseer  
  45  8:26  Baneling x3  
  45  8:27  Baneling x7  
  45  8:28  Baneling x9  
  45  8:29  Baneling x9  
  45  8:34  Zergling x10  
  45  8:35  Zergling x8  
  54  9:02  Zergling x12  
  60  9:03  Zergling x16  
  60  9:04  Zergling x6  
  33  10:49  Extractor  
  32  10:52  Extractor  
  32  10:53  Drone x6  
  37  11:12  Queen  
  37  11:14  Drone x7  
  37  11:15  Drone x5  
  51  11:20  Hatchery  
  50  11:31  Hatchery  
  49  11:37  Extractor  
  48  11:40  Extractor  
  47  11:49  Extractor  
  47  11:50  Extractor  
  45  12:26  Zergling x8  
  49  12:41  Zergling x8  
  49  12:42  Zergling x16  
  49  12:43  Zergling x2  
  62  12:49  Queen  
  64  12:55  Drone x3  
  67  13:00  Queen  
  67  13:04  Drone x2  
  71  13:12  Baneling x6  
  71  13:13  Baneling x10  
  71  13:14  Baneling x10  
  71  13:15  Baneling x8  
  71  13:16  Baneling  
  71  13:28  Drone  
  71  13:29  Drone x2  
  74  13:35  Drone x3  
  77  13:52  Evolution Chamber  
  77  13:53  Evolution Chamber  
  77  13:54  Evolution Chamber  
  77  13:55  Drone x3  
  75  13:56  Drone x6  
  54  14:46  Zergling x12  
  54  14:47  Zergling x2  
  59  14:57  Zergling x2  
  59  14:58  Zergling x12  
  50  15:23  Baneling x2  
  50  15:24  Baneling x6  
  50  15:25  Baneling x7  
  50  15:26  Baneling x9  
  50  15:27  Baneling  
Tags
 
Add a new tag
Caveats
  • Supply blocks, unpowered buildings, or Contaminate may cause inaccurate times.
  • Supply counts are checked every 10 seconds.